 Dungeon Crawl Stone Soup version 0.22-a0-409-gb855193 (webtiles) character file.

26 Alphaeus the Skirmisher (level 3, 0/29 HPs)
             Began as a Formicid Berserker on May 11, 2018.
             Was a Follower of Trog.
             Slain by a goblin
             ... wielding a +0 dagger
             ... led by Robin
              (2 damage)
             ... on level 2 of the Dungeon.
             The game lasted 00:00:50 (1256 turns).

Alphaeus the Skirmisher (Formicid Berserker)        Turns: 1256, Time: 00:00:51

Health: 0/29       AC:  5    Str: 21    XL:     3   Next: 22%
Magic:  3/3        EV: 11    Int:  6    God:    Trog [*.....]
Gold:   28         SH:  0    Dex: 11    Spells: 2/2 levels left

rFire    . . .     SeeInvis +   a - +0 mace
rCold    . . .     Gourm    .   (no shield)
rNeg     . . .     Faith    .   g - +0 ring mail
rPois    .         Spirit   .   (helmet unavailable)
rElec    .         Reflect  .   (no cloak)
rCorr    .         Harm     .   (no gloves)
MR       .....                  (no boots)
Stlth    +.........             (no amulet)
HPRegen  0.09/turn              (no ring)
MPRegen  0.08/turn              (no ring)

@: no status effects
A: permanent stasis, dig shafts and tunnels, four strong arms, antennae 3
a: Dig, Shaft Self, Renounce Religion


You were on level 2 of the Dungeon.
You worshipped Trog.
Trog was aware of your devotion.
You were not hungry.

You visited 1 branch of the dungeon, and saw 2 of its levels.

You collected 28 gold pieces.

Inventory:

Hand Weapons
 a - a +0 mace (weapon)
Missiles
 d - 7 tomahawks (quivered)
 k - 3 javelins of returning
Armour
 b - a +0 animal skin
 g - a +0 ring mail (worn)
Scrolls
 e - a scroll of remove curse {unknown}
 h - 2 scrolls of identify {unknown}
 i - a scroll of fog {unknown}
Potions
 j - 2 potions of brilliance {unknown}
 l - a potion of mutation {unknown}
Comestibles
 c - 2 rations
 f - a chunk of flesh


   Skills:
 + Level 3.4 Fighting
 * Level 3.4 Maces & Flails
 + Level 0.2 Throwing
 * Level 2.8 Armour
 + Level 2.0 Dodging


You had 2 spell levels left.
You didn't know any spells.

Dungeon Overview and Level Annotations

Branches:
Dungeon (2/15)

Altars:

Annotations:
D:2 Robin


Innate Abilities, Weirdness & Mutations

You cannot be hasted, slowed, berserked, paralysed or teleported.
You can dig through walls and to a lower floor.
Your four strong arms can wield two-handed weapons with a shield.
You have a pair of large antennae on your head. (SInv)


Message History

You kill the goblin!
Trog accepts your kill. Robin throws the goblin at you!
The goblin hits you but does no damage. x2
The goblin hits you with an uncursed dagger.
* * * LOW HITPOINT WARNING * * *
The goblin closely misses you. x2
The hobgoblin hits you but does no damage.
A goblin comes into view.
The goblin shouts!
You hear an angry hiss.
The goblin unwields an uncursed dagger.
The goblin wields an uncursed hunting sling.
The goblin shoots a stone.
The stone hits you but does no damage. The goblin hits you with a dagger.
* * * LOW HITPOINT WARNING * * *
The goblin closely misses you.
An adder comes into view.
You see here a stone.
The goblin misses you. Robin throws the goblin at you!
The goblin hits you with a dagger.
You die...

#)#........
########.#(.......
..................
##.#####.#........
#.#........
#.#####(#########
#.......#
##..####g########
......g.g@g......
##.g..g#.########
#.##..g...
{.g....###
{g#.g...# .S
#.....# . #.....#
#.....#


You could see Robin, a gnoll, a hobgoblin and 6 goblins.

Vanquished Creatures
  An ooze (D:1)
  2 bats (D:1)
  A giant cockroach (D:1)
  5 goblins
  A hobgoblin (D:1)
  3 jackals (D:1)
  2 kobolds (D:1)
  4 frilled lizards (D:1)
  2 rats (D:1)
21 creatures vanquished.

Notes
Turn   | Place    | Note
-------+----------+-------------------------------------------
     0 | D:1      | Alphaeus the Formicid Berserker began the quest for the Orb.
     0 | D:1      | Reached XP level 1. HP: 18/18 MP: 1/1
   126 | D:1      | Reached XP level 2. HP: 24/24 MP: 2/2
   754 | D:1      | Reached XP level 3. HP: 29/29 MP: 3/3
  1246 | D:2      | Noticed Robin
  1256 | D:2      | Slain by a goblin

Vault maps used:
D:1:      dpeg_arrival_solitude, grunt_decor_mini_mirrors, minmay_pentomino_q2
D:2:      nicolae_overflow_crystal_walls, first_ration, uniq_natasha, uniq_robin

Skill      XL: |  1  2 |
---------------+-------+-----
Dodging        | 2 |  2.0
Fighting       | |  3.4
Maces & Flails | |  3.4
Throwing       | |  0.2
Armour         | |  2.8

Action                   || total
-------------------------++-------
Melee: Mace              ||    60
  Eat: Chunk             ||     1
Armor: Animal skin       ||     8
       Ring mail         ||    14
Dodge: Dodged            ||    56

Table legend:
 A = Spawn XP
 B = Non-spawn XP
 C = Spawn XP percentage of total XP
 D = Spawn monster count
 E = Non-spawn monster count
 F = Spawn count percentage of total count
 G = Total turns spent on level
                    A         B        C        D         E        F      G
               +---------+---------+-------+---------+---------+-------+---------
         Total |       0 |      38 |   0.0 |       0 |      21 |   0.0 |  1256
               +---------+---------+-------+---------+---------+-------+---------
           D:1 |       0 |      34 |   0.0 |       0 |      19 |   0.0 |  1236
           D:2 |       0 |       4 |   0.0 |       0 |       2 |   0.0 |    20
               +---------+---------+-------+---------+---------+-------+---------
